 Dungeon Crawl Stone Soup version 0.25-a0-857-g60a0bcd8b5 (webtiles) character file.

Game seed: 9168260470998346816, levelgen mode: deterministic

10788 Lavandula the Transmogrifier (level 11, 0/51 HPs)
             Began as a Vine Stalker Chaos Knight on Apr 26, 2020.
             Was a Plaything of Xom.
             Slain by a nine-headed hydra (11 damage)
             ... on level 1 of the Lair of Beasts.
             The game lasted 00:25:12 (8405 turns).

Lavandula the Transmogrifier (VSCK)                 Turns: 8405, Time: 00:25:13

Health: 0/51       AC: 11    Str: 14    XL:     11   Next: 67%
Magic:  0/15       EV: 16    Int: 12    God:    Xom [...*..]
Gold:   512        SH:  0    Dex: 16    Spells: 5/14 levels left

rFire    + . .     SeeInvis .     - Unarmed
rCold    + . .     Gourm    .   (no shield)
rNeg     . . .     Faith    .   F - +2 leather armour {rF+}
rPois    .         Spirit   +   (helmet restricted)
rElec    .         Reflect  .   r - +2 cloak
rCorr    .         Harm     .   B - +0 pair of gloves
MR       +....     Rnd*Rage +   G - +1 pair of boots
Stlth    +.........             t - amulet of regeneration
HPRegen  0.97/turn              Q - ring of wizardry
MPRegen  0.14/turn              (no ring)

@: confused
A: fangs 3, horns 2, berserk 1, blurry vision 2, clumsy 1, cold resistance 1,
regeneration 1, magic shield, antimagic bite, no potion heal 3, rot immunity
a: Renounce Religion


You were on level 1 of the Lair of Beasts.
You worshipped Xom.
You were a favourite toy of Xom.
You were not hungry.

You visited 2 branches of the dungeon, and saw 12 of its levels.

You collected 512 gold pieces.

Inventory:

Hand Weapons
 a - a +0 falchion of chaos
 q - a +2 quarterstaff of chaos
 H - the +6 rapier "Tulyfebo" {flame, rF- Str+2 Dex+7 SInv}
   (You found it on level 8 of the Dungeon)

   It has been specially enchanted to burn those struck by it, causing extra
   injury to most foes and up to half again as much damage against particularly
   susceptible opponents.
   It affects your strength (+2).
   It affects your dexterity (+7).
   It makes you vulnerable to fire.
   It lets you see invisible.
 K - a +1 dagger of electrocution
Missiles
 A - 3 boomerangs (quivered)
 I - 14 javelins
 S - a silver javelin
Armour
 b - a +0 kite shield
 o - a +0 leather armour of poison resistance
 r - a +2 cloak (worn)
 B - a +0 pair of gloves (worn)
 C - a +0 troll leather armour
 F - a +2 leather armour of fire resistance (worn)
 G - a +1 pair of boots (worn)
Jewellery
 s - an uncursed amulet of faith
 t - an amulet of regeneration (around neck)
 y - a cursed amulet of magic regeneration {unknown}
 Q - a ring of wizardry (left hand)
Wands
 m - a wand of paralysis (7)
 n - a wand of polymorph (18)
 E - a wand of iceblast (4)
 M - a wand of flame (13)
 O - a wand of digging (7)
Scrolls
 f - 3 scrolls of enchant weapon
 g - 2 scrolls of blinking
 h - 4 scrolls of amnesia
 i - 4 scrolls of teleportation
 k - 3 scrolls of fog
 v - a scroll of fear
 w - 3 scrolls of magic mapping
 z - a scroll of silence
 D - 3 scrolls of remove curse
 P - a scroll of noise
 T - a scroll of vulnerability {unknown}
Potions
 d - 8 potions of curing
 e - 3 potions of haste
 j - 4 potions of might
 l - a potion of lignification
 p - a potion of berserk rage
 u - a potion of mutation {unknown}
 x - 5 potions of brilliance
 J - a potion of flight {unknown}
 L - 2 potions of degeneration {unknown}
 N - a potion of heal wounds {unknown}
 U - a potion of ambrosia {unknown}
Comestibles
 c - 23 rations
 R - 4 chunks of flesh


   Skills:
 - Level 2.7 Fighting
 - Level 8.2 Long Blades
 - Level 1.5 Armour
 - Level 7.3 Dodging
 - Level 7.1 Unarmed Combat
 - Level 2.4 Spellcasting
 + Level 11.0 Transmutations


You had 5 spell levels left.
You knew the following spells:

 Your Spells              Type           Power        Failure   Level  Hunger
a - Blade Hands           Tmut           ####......   4%          5    ######.
b - Ice Form              Ice/Tmut       ##......     13%         4    #####..

Your spell library contained the following spells:

 Spells                   Type           Power        Failure   Level  Hunger
 Beastly Appendage        Tmut           ####..       1%          1    ##.....
 Sting                    Tmut/Pois      ##..         1%          1    ##.....
 Sticks to Snakes         Tmut           ####....     1%          2    ###....
 Spider Form              Tmut/Pois      ##........   4%          3    ####...
 Ignite Poison            Fire/Tmut/Pois ##......     9%          3    ####...
 Shock                    Conj/Air       #...         13%         1    ##.....
 Summon Small Mammal      Summ           #...         13%         1    ##.....
 Call Imp                 Summ           #.......     19%         2    ###....
 Poisonous Vapours        Pois/Air       #.....       19%         2    ###....
 Swiftness                Chrm/Air       #.......     19%         2    ###....
 Call Canine Familiar     Summ           #.......     34%         3    ####...
 Mephitic Cloud           Conj/Pois/Air  #.......     34%         3    ####...
 Static Discharge         Conj/Air       #.......     34%         3    ####...
 Summon Guardian Golem    Hex/Summ       #.......     34%         3    ####...
 Airstrike                Air            #.........   75%         4    #####..
 Olgreb's Toxic Radiance  Pois           #.......     75%         4    #####..
 Summon Ice Beast         Ice/Summ       #.......     75%         4    #####..
 Summon Lightning Spire   Summ/Air       #.......     75%         4    #####..
 Lightning Bolt           Conj/Air       #.........   96%         5    ######.


Dungeon Overview and Level Annotations

Branches:
Dungeon (11/15)            Temple (0/1) D:6            Lair (1/6) D:10
    Orc (0/2) D:11

Altars:
Dithmenos
Elyvilon
Gozag
Kikubaaqudgha
Makhleb
Okawaru
Sif Muna
Xom
Yredelemnul

Shops:
D:7 }

Annotations:
D:1 frog!
D:5 1 runed translucent door
D:7 3 runed translucent doors, Error4North's ghost, novice HOFi
Lair:1 sixsigma's ghost, journeyman GnWz
Abyss:1 Edmund


Innate Abilities, Weirdness & Mutations

You have razor-sharp teeth.
Your natural rate of healing is unusually fast.
When hurt, damage is shared between your health and your magic reserves.
Your bite disrupts and absorbs the magic of your enemies.
Potions cannot restore your health.
You are immune to rotting.
You have a pair of horns on your head.
You tend to lose your temper in combat.
Scrolls take you longer to read.
You are clumsy. (Dex -2)
Your flesh is cold resistant. (rC+)


Message History

You are confused.
The crimson imp looks rather confused.
The white imp looks rather confused.
Your white imp looks rather confused.
You are now a favourite toy of Xom.
The crimson imp hits the nine-headed hydra.
Unknown command.
You warm up again.
Your +2 cloak unmelds from your body.
Your +0 pair of gloves unmelds from your body.
Your +1 pair of boots unmelds from your body.
Your +2 leather armour of fire resistance unmelds from your body.
You feel resistant to fire.
Unknown command.
You bump into the rock wall.
The nine-headed hydra bites you but does no damage.
The nine-headed hydra misses you. The nine-headed hydra bites you!
* * * LOW HITPOINT WARNING * * *
The nine-headed hydra bites you!
You die...
Xom is highly amused!

##....[...#.........†........#
#..#.#.###...5..............#
#...........5##.#####.#P#...##
###.........5.W#### #####.....
...........##...# #..###
###.##....#..+..# #..# #
###.....#..#.5# #..#
#.....#....D## #..#
##....#..#..@# #..#
#.......#..### #### #..#
#.......#..##P##..#####..#
#....####................#
#........................#
##......####P#...##P#.....###
#P.......# ##..######.......
####......## #..## #.......
...........## #..P# #.......


You could see a nine-headed hydra, sixsigma's ghost, a crimson imp (confused)
and 2 white imps.

Vanquished Creatures
  A two-headed ogre (D:10)
  A freezing wraith (D:9)
  2 komodo dragons
  A troll (D:11)
  5 blink frogs
  A hippogriff (D:8)
  2 hornets
  6 yaks
  2 hungry ghosts
  Menkaure (D:4)
  2 water moccasins
  A porcupine (Lair:1)
  3 sky beasts
  5 orc warriors
  5 ice beasts
  2 ogres
  A phantom (D:9)
  11 centaurs
  3 big kobolds
  Blork the orc (D:5)
  5 bullfrogs
  7 scorpions
  A wyvern skeleton (D:9)
  3 killer bees (D:7)
  A howler monkey (D:8)
  2 crimson imps
  A quasit (D:9)
  2 bullfrog skeletons
  4 hounds
  A jelly (D:11)
  4 orc priests
  A centaur skeleton (D:8)
  3 iguanas
  Terence (D:3)
  9 orc wizards
  11 worker ants
  2 killer bee zombies
  2 hound zombies (D:11)
  A worker ant zombie (D:11)
  7 adders
  A howler monkey skeleton (D:8)
  6 shadow imps
  An adder skeleton (D:8)
  2 dart slugs (D:1)
  7 leopard geckos
  36 orcs
  6 bats
  6 giant cockroaches
  10 goblins
  7 hobgoblins
  11 jackals
  16 kobolds
  5 quokkas
  2 ball pythons
  2 frilled lizards
  A leopard gecko skeleton (D:7)
  A leopard gecko zombie (D:2)
  3 quokka skeletons
  4 rats
  A spectral orc (D:8)
252 creatures vanquished.

Vanquished Creatures (collateral kills)
  A death knight (D:9)
  2 freezing wraiths (D:9)
  5 yaks (D:9)
  A jelly (D:3)
  A butterfly (D:5)
10 creatures vanquished.

Vanquished Creatures (others)
  A dream sheep (Lair:1)
  A yak (Lair:1)
  A black bear (D:6)
  3 worker ants (D:5)
  A giant cockroach (D:5)
  3 plants
10 creatures vanquished.

Grand Total: 272 creatures vanquished

Notes
Turn   | Place    | Note
-------+----------+-------------------------------------------
     0 | D:1      | Lavandula the Vine Stalker Chaos Knight began the quest for
                  | the Orb.
     0 | D:1      | Reached XP level 1. HP: 11/11 MP: 2/2
    88 | D:1      | Reached XP level 2. HP: 11/16 MP: 3/3
   121 | D:1      | XOM: silly message
   183 | D:1      | XOM: silly message
   304 | D:1      | XOM: smoke on damage
   334 | D:1      | XOM: silly message
   514 | D:1      | Reached XP level 3. HP: 18/19 MP: 4/4
   546 | D:1      | Noticed a shapeshifter
   546 | D:1      | a bat changed into a shapeshifter
   546 | D:1      | Noticed a spiny frog
   546 | D:1      | a shapeshifter changed into a spiny frog
   559 | D:1      | XOM: god gift: 3 scrolls labeled RAGOMETALE {god gift}
   599 | D:1      | XOM: god gift: mace {god gift}
   933 | D:2      | XOM: divination: magic mapping
  1067 | D:2      | XOM: give mutations
  1067 | D:2      | Gained mutation: You are frail. (-10% HP) [Xom's mischief]
  1067 | D:2      | Gained mutation: You are very frail. (-20% HP) [Xom's
                  | mischief]
  1067 | D:2      | Gained mutation: Scrolls take you a little longer to read.
                  | [Xom's mischief]
  1067 | D:2      | Gained mutation: Armour fits poorly on your strangely
                  | shaped body. [Xom's mischief]
  1071 | D:2      | XOM: give mutation
  1071 | D:2      | Gained mutation: You have a pair of small horns on your
                  | head. [Xom's grace]
  1707 | D:3      | Noticed Terence
  1715 | D:3      | XOM: summons friendly ufetubus
  1718 | D:3      | Killed Terence
  1718 | D:3      | Gained mutation: Your natural rate of healing is unusually
                  | fast. [Vine Stalker growth]
  1718 | D:3      | Reached XP level 4. HP: 9/18 MP: 2/5
  1739 | D:3      | Found a runed translucent door.
  1740 | D:3      | Noticed Crazy Yiuf
  1808 | D:3      | XOM: fake destruction
  1808 | D:3      | Noticed Crazy Yiuf
  1808 | D:3      | Crazy Yiuf changed into Crazy Yiuf the jelly
  1810 | D:3      | Killed Crazy Yiuf the jelly
  1896 | D:3      | Reached skill level 5 in Long Blades
  1899 | D:3      | XOM: smoke on damage
  1901 | D:3      | Reached XP level 5. HP: 15/21 MP: 3/6
  1962 | D:3      | Found an iron altar of Okawaru.
  2125 | D:3      | XOM: give mutations
  2125 | D:3      | Gained mutation: Your flesh is cold resistant. (rC+) [Xom's
                  | grace]
  2125 | D:3      | Lost mutation: You are very frail. (-20% HP) [Xom's grace]
  2125 | D:3      | Gained mutation: You have a pair of horns on your head.
                  | [Xom's grace]
  2256 | D:4      | XOM: silly message
  2260 | D:4      | XOM: enchant monster (good)
  2418 | D:4      | Reached XP level 6. HP: 26/28 MP: 5/7
  2488 | D:4      | XOM: divination: magic mapping
  2495 | D:4      | Noticed Edmund
  2501 | D:4      | Banished Edmund
  2542 | D:4      | Found an ancient bone altar of Kikubaaqudgha.
  2804 | D:4      | Noticed Menkaure
  2810 | D:4      | Killed Menkaure
  2810 | D:4      | Reached XP level 7. HP: 28/31 MP: 8/8
  3139 | D:5      | Entered Level 5 of the Dungeon
  3340 | D:4      | XOM: scenery: create altars
  3441 | D:5      | Noticed Blork the orc
  3445 | D:5      | Killed Blork the orc
  3701 | D:5      | Found a runed translucent door.
  3702 | D:5      | Found a runed translucent door.
  3709 | D:5      | Reached skill level 1 in Dodging
  3726 | D:5      | XOM: butterfly on damage
  3736 | D:5      | Gained mutation: You have razor-sharp teeth. [Vine Stalker
                  | growth]
  3736 | D:5      | Reached XP level 8. HP: 21/35 MP: 6/9
  3760 | D:5      | XOM: destruction
  3771 | D:5      | XOM: summons 2 friendly demons
  4176 | D:6      | XOM: 4-stop teleportation journey
  4231 | D:6      | XOM: give mutations
  4231 | D:6      | Gained mutation: Scrolls take you longer to read. [Xom's
                  | mischief]
  4231 | D:6      | Lost mutation: You are frail. (-10% HP) [Xom's mischief]
  4315 | D:6      | Found a staircase to the Ecumenical Temple.
  4477 | D:7      | XOM: 5-stop teleportation journey
  4500 | D:7      | XOM: confuse monster(s)
  4503 | D:7      | Reached skill level 5 in Dodging
  4584 | D:7      | Found a burning altar of Makhleb.
  4724 | D:7      | XOM: 1-stop teleportation journey
  4758 | D:7      | XOM: divination: detect items
  4766 | D:7      | XOM: god gift: dyed leather armour {god gift}
  4776 | D:7      | Reached XP level 9. HP: 32/43 MP: 8/10
  4830 | D:7      | Found Copeatz's Gadget Shoppe.
  5063 | D:7      | Found a runed translucent gate.
  5063 | D:7      | Found a runed translucent gate.
  5063 | D:7      | Found an opulent altar of Gozag.
  5063 | D:7      | Found a runed translucent gate.
  5066 | D:7      | Noticed Error4North's ghost (novice HOFi)
  5227 | D:8      | XOM: fake destruction
  5374 | D:8      | Got a transparent rapier
  5375 | D:8      | Identified the +6 rapier "Tulyfebo" {flame, rF- Str+2 Dex+7
                  | SInv} (You found it on level 8 of the Dungeon)
  5492 | D:8      | Learned a level 5 spell: Blade Hands
  5504 | D:8      | XOM: noise
  5513 | D:8      | Found a basalt altar of Yredelemnul.
  5609 | D:8      | Reached skill level 1 in Spellcasting
  5713 | D:8      | Reached skill level 1 in Transmutations
  5750 | D:8      | Reached skill level 3 in Transmutations
  6065 | D:9      | Reached skill level 4 in Transmutations
  6099 | D:9      | Noticed a freezing wraith
  6116 | D:9      | XOM: enchant monster (good)
  6123 | D:9      | XOM: cast spell 'Summon Dragon'
  6127 | D:9      | Found a white marble altar of Elyvilon.
  6130 | D:9      | Killed a freezing wraith
  6130 | D:9      | Reached skill level 5 in Transmutations
  6144 | D:9      | Reached XP level 10. HP: 47/47 MP: 7/14
  6146 | D:9      | Reached skill level 6 in Transmutations
  6176 | D:9      | Reached skill level 7 in Transmutations
  6180 | D:9      | Found a shadowy altar of Dithmenos.
  6205 | D:9      | Found a shimmering blue altar of Sif Muna.
  6251 | D:9      | Noticed a death knight
  6271 | D:9      | Killed a death knight
  6271 | D:9      | Reached skill level 8 in Transmutations
  6403 | D:9      | XOM: divination: detect creatures
  6536 | D:10     | XOM: stealth player
  6536 | D:10     | Entered Level 10 of the Dungeon
  6553 | D:10     | Found an opulent altar of Gozag.
  6724 | D:10     | XOM: 1-stop teleportation journey
  6728 | D:10     | Reached skill level 1 in Unarmed Combat
  6847 | D:10     | Found a staircase to the Lair.
  6861 | D:10     | XOM: potion effect (magic)
  6939 | D:10     | XOM: god gift: whip {god gift}
  6961 | D:10     | XOM: give mutations
  6961 | D:10     | Gained mutation: You tend to lose your temper in combat.
                  | [Xom's mischief]
  6961 | D:10     | Gained mutation: You are clumsy. (Dex -2) [Xom's mischief]
  6961 | D:10     | Lost mutation: Armour fits poorly on your strangely shaped
                  | body. [Xom's mischief]
  7026 | D:10     | Noticed a two-headed ogre
  7034 | D:10     | XOM: stat loss: -1 Dex (15/16)
  7078 | D:10     | XOM: scenery: 1 doors close
  7079 | D:10     | Killed a two-headed ogre
  7079 | D:10     | Reached skill level 5 in Unarmed Combat
  7079 | D:10     | Reached XP level 11. HP: 51/51 MP: 8/15
  7511 | D:11     | XOM: silly message
  7593 | D:11     | Found a staircase to the Orcish Mines.
  7663 | D:11     | Reached skill level 9 in Transmutations
  7793 | D:11     | XOM: potion effect (haste)
  8042 | D:11     | XOM: 1-stop teleportation journey
  8096 | Lair:1   | Entered Level 1 of the Lair of Beasts
  8099 | Lair:1   | XOM: enchant monster (good)
  8104 | D:10     | XOM: scenery: create altars
  8108 | D:10     | Reached skill level 10 in Transmutations
  8134 | D:10     | Learned a level 4 spell: Ice Form
  8161 | Lair:1   | Noticed Urug
  8169 | Lair:1   | Noticed Urug
  8169 | Lair:1   | Urug changed into Urug the dream sheep
  8171 | Lair:1   | Killed Urug the dream sheep
  8171 | Lair:1   | XOM: divine lightning
  8279 | Lair:1   | Reached skill level 11 in Transmutations
  8303 | Lair:1   | Found a runed translucent gate.
  8303 | Lair:1   | Found a runed translucent gate.
  8303 | Lair:1   | Found a runed translucent gate.
  8306 | Lair:1   | Noticed sixsigma's ghost (journeyman GnWz)
  8307 | Lair:1   | Noticed a nine-headed hydra
  8314 | Lair:1   | XOM: swap monsters
  8319 | Lair:1   | XOM: 2-stop teleportation journey
  8370 | Lair:1   | XOM: fake destruction
  8374 | Lair:1   | XOM: swap monsters
  8402 | Lair:1   | XOM: summons friendly white imp
  8403 | Lair:1   | XOM: confusion (+ monsters)
  8405 | Lair:1   | Slain by a nine-headed hydra

Levels and vault maps discovered:
D:1:      onia_arrival_mini_maze_b, layout_loops_corners
D:2:      layout_basic, grunt_temple_overflow_open,
          chequers_serial_rivers_small_a
D:3:      layout_basic, okawaru_trees_1, first_ration, uniq_terence,
          uniq_crazy_yiuf_cottage
D:4:      layout_loops_corners, kennysheep_mini_moat, st_stairs_11,
          minmay_quantized, uniq_edmund, uniq_menkaure
D:5:      lemuel_insect_pit, layout_basic, uniq_blork_the_orc
D:6:      layout_rooms, nicolae_overflow_hidden_temple,
          minmay_temple_entry_glassed_door
D:7:      layout_loops_ring, ebering_ghost_gozag, serial_shops, kennysheep_mini,
          basic_altar, solitary_fountain
D:8:      layout_basic, yredelemnul_forgotten_temple_becter, roderic_lattice_a
D:9:      layout_gridville, old_standard_altar, kennysheep_little_box,
          blue_anna_alchemist [blue_anna_fruit_fields, blue_anna_fruit_fields],
          led_sif_pool
D:10:     layout_basic, david_lair_shrubbed, grunt_gozag_statues
D:11:     layout_stronghold, orc_0_dummy, corexii_checkpoint_a, moated_statue,
          eino_small_chamber_without_monster
Lair:1:   lemuel_slime, layout_chaotic_city, gammafunk_ghost_hydra_chop,
          serial_bayou_shore_b, uniq_urug

Skill      XL: |  1  2  3  4  5  6  7  8  9 10 11 |
---------------+----------------------------------+-----
Long Blades    | 3 4 5 6 7 8 |  8.2
Dodging        | 2 5 7 |  7.3
Spellcasting   | 2 |  2.4
Transmutations | 5 8 11 | 11.0
Unarmed Combat | 5 7 |  7.1
Fighting       | |  2.7
Armour         | |  1.5

Action                   |  1- 3 |  4- 6 |  7- 9 | 10-12 || total
-------------------------+-------+-------+-------+-------++-------
Melee: Falchion          |    84 |    96 |   228 |       ||   408
       Bite              |    20 |    22 |    94 |    56 ||   192
       Headbutt          |     4 |    20 |    57 |    44 ||   125
       Rapier            |       |       |    52 |   160 ||   212
       Unarmed           |       |       |       |    71 ||    71
       Punch             |       |       |       |     7 ||     7
Throw: Dart              |     4 |     2 |       |     2 ||     8
       Boomerang         |       |       |       |     3 ||     3
       Javelin           |       |       |       |     2 ||     2
 Cast: Blade Hands       |       |       |       |    11 ||    11
       Ice Form          |       |       |       |     1 ||     1
Evoke: Wand              |       |       |       |    13 ||    13
  Use: Scroll            |     1 |     7 |    10 |     3 ||    21
 Stab: Paralysed         |       |     1 |     2 |     2 ||     5
       Petrified         |       |       |     2 |     1 ||     3
       Petrifying        |       |       |     1 |       ||     1
       Confused          |       |       |     3 |       ||     3
       Sleeping          |       |       |     6 |     5 ||    11
       Distracted        |       |       |       |     1 ||     1
  Eat: Ration            |     1 |       |       |       ||     1
       Chunk             |       |     2 |    10 |    13 ||    25
Armor: Leather armour    |    33 |    15 |    38 |    51 ||   137
       Troll leather arm |       |       |    13 |       ||    13
       Skin              |       |       |       |     2 ||     2
Dodge: Dodged            |    37 |    45 |   172 |   233 ||   487
       Rpst.: Falchion   |    14 |    17 |    28 |       ||    59

Table legend:
 A = Non-vault XP
 B = Vault XP
 C = Vault XP percentage of total XP
 D = Non-vault monster count
 E = Vault monster count
 F = Vault count percentage of total count
                 A         B        C        D         E       F
            +---------+---------+-------+---------+---------+-------
      Total |   14096 |    1316 |   8.5 |     243 |      21 |   8.0
            +---------+---------+-------+---------+---------+-------
        D:1 |      38 |       0 |   0.0 |      20 |       0 |   0.0
        D:2 |      35 |       0 |   0.0 |      13 |       0 |   0.0
        D:3 |     114 |      71 |  38.4 |      21 |       2 |   8.7
        D:4 |     173 |     309 |  64.1 |      12 |       5 |  29.4
        D:5 |     294 |     297 |  50.3 |      11 |       8 |  42.1
        D:6 |     444 |       0 |   0.0 |      13 |       0 |   0.0
        D:7 |     730 |       0 |   0.0 |      23 |       0 |   0.0
        D:8 |    1506 |       1 |   0.1 |      24 |       1 |   4.0
        D:9 |    2697 |     103 |   3.7 |      22 |       1 |   4.3
       D:10 |    3415 |     361 |   9.6 |      39 |       1 |   2.5
       D:11 |    2537 |       4 |   0.2 |      36 |       2 |   5.3
     Lair:1 |    2113 |     170 |   7.4 |       9 |       1 |  10.0
            +---------+---------+-------+---------+---------+-------
